 Dungeon Crawl Stone Soup version 0.30-a0-920-g7493c07aab (webtiles) character file.

Game seed: 1773906186034676617

1116 DeathPants the Covert (level 8, -2/43 HPs)
             Began as a Vine Stalker Delver on Mar 21, 2023.
             Was an Initiate of Gozag.
             Slain by a two-headed ogre
             ... wielding a +0 giant club
              (3 damage)
             ... on level 6 of the Dungeon.
             The game lasted 00:15:41 (4522 turns).

DeathPants the Covert (Vine Stalker Delver)         Turns: 4522, Time: 00:15:42

Health: -2/43      AC: 13    Str: 14    XL:     8   Next: 34%
Magic:  0/9        EV: 14    Int: 12    God:    Gozag
Gold:   370        SH:  0    Dex: 23    Spells: 7/7 levels left

rFire   . . .      SeeInvis .    a - +0 rapier
rCold   . . .      Faith    .    (no shield)
rNeg    . . .      Spirit   +    b - +1 leather armour
rPois   .          Reflect  .    (no helmet)
rElec   .          Rampage  .    (no cloak)
rCorr   .                        x - +1 pair of gloves
Will    +....                    z - +2 pair of boots {Fly}
Stlth   ++++                     w - amulet of the acrobat
HPRegen 1.07/turn                i - +6 ring of dexterity
MPRegen 0.11/turn                A - +4 ring of protection

@: flying
A: fangs 3, regeneration 1, magic shield, antimagic bite, no potion heal 2
a: Renounce Religion, Potion Petition, Call Merchant, Bribe Branch


You were on level 6 of the Dungeon.
You worshipped Gozag.
Gozag was aware of your devotion.
You visited 1 branch of the dungeon, and saw 7 of its levels.

You collected 522 gold pieces.
You spent 44 gold pieces at shops.
You paid 108 gold pieces to Gozag.

Inventory:

Hand Weapons
 a - a +0 rapier (weapon)
Missiles
 h - 2 throwing nets
 q - 7 poisoned darts (quivered)
 r - 4 datura-tipped darts
Armour
 b - a +1 leather armour (worn)
 x - a +1 pair of gloves (worn)
 z - a +2 pair of boots of flying (worn)
 B - an orb of guile
Jewellery
 i - a +6 ring of dexterity (left hand)
 w - an amulet of the acrobat (around neck)
 A - a +4 ring of protection (right hand)
Wands
 g - a wand of digging (4)
Scrolls
 c - a scroll of fog
 d - a scroll of magic mapping
 e - a scroll of fear
 f - 3 scrolls of enchant weapon
 j - 2 scrolls of enchant armour
 y - a scroll of vulnerability
Potions
 k - a potion of might
 l - 2 potions of haste
 m - 3 potions of curing
 n - a potion of resistance {unknown}
 o - 2 potions of cancellation {unknown}
 p - a potion of flight {unknown}
 s - a potion of lignification {unknown}
 t - 3 potions of brilliance {unknown}
 u - 2 potions of invisibility {unknown}
 v - a potion of degeneration {unknown}
 C - a potion of attraction {unknown}


   Skills:
 + Level 5.1 Fighting
 + Level 4.6 Short Blades
 + Level 4.2 Dodging
 + Level 8.6 Stealth


You had 7 spell levels left.
You didn't know any spells.
Your spell library contained the following spells:

 Spells                   Type           Power      Damage    Failure   Level
 Magic Dart               Conj           0%         1d3       38%         1
 Sting                    Tmut/Pois      0%         1d3       38%         1
 Poisonous Vapours        Pois/Air       0%         N/A       54%         2
 Searing Ray              Conj           0%         2d4       54%         2
 Fulminant Prism          Conj/Hex       0%         3d5       99%         4
 Olgreb's Toxic Radiance  Pois           0%         N/A       99%         4
 Summon Ice Beast         Ice/Summ       0%         N/A       99%         4
 Summon Mana Viper        Hex/Summ       0%         N/A       100%        5
 Monstrous Menagerie      Summ           0%         N/A       100%        7


Dungeon Overview and Level Annotations

Branches:
Dungeon (7/15)
 Temple: D:4-7

Altars:
Fedhas
Gozag
Makhleb
Ru
Trog
Zin

Shops:
D:2 *

Annotations:
D:4 2 transporters


Innate Abilities, Weirdness & Mutations

You have razor-sharp teeth.
Your natural rate of healing is unusually fast.
When hurt, damage is shared between your health and your magic reserves.
Your bite disrupts and absorbs the magic of your enemies.
Potions cannot restore your health.


Message History

The two-headed ogre is lightly wounded.
You hear a splash.
Throw: 8 darts (poison)
Press: ? - help, Q - select action, (/) - cycle Shift-Dir - straight line, f/p - two-headed ogre
Aim: a two-headed ogre, wielding a +0 giant club and a +0 dire flail (lightly wounded, very poisoned, 78% to hit)
You throw a poisoned dart.
The poisoned dart hits the two-headed ogre.
The two-headed ogre looks even sicker.
The two-headed ogre is lightly wounded.
You hear a splash.
You hit the two-headed ogre but do no damage.
You bite the two-headed ogre. You drain its power.
The two-headed ogre is lightly wounded.
The two-headed ogre misses you.
The two-headed ogre hits you with a +0 dire flail.
You hit the two-headed ogre but do no damage.
You bite the two-headed ogre. You drain its power.
You feel invigorated.
The two-headed ogre is moderately wounded.
The two-headed ogre closely misses you.
The two-headed ogre hits you with a +0 dire flail.
You hit the two-headed ogre.
The two-headed ogre is moderately wounded.
You hit the two-headed ogre but do no damage.
Your bite misses the two-headed ogre.
The two-headed ogre is moderately wounded.
The two-headed ogre hits you with a +0 giant club!
The two-headed ogre hits you with a +0 dire flail!
You hit the two-headed ogre.
The two-headed ogre is moderately wounded.
The two-headed ogre barely misses you. The two-headed ogre closely misses you.
You barely miss the two-headed ogre. You bite the two-headed ogre.
You drain its power.
You feel invigorated.
The two-headed ogre is heavily wounded.
You puncture the two-headed ogre! Your bite misses the two-headed ogre.
The two-headed ogre is heavily wounded.
The two-headed ogre hits you with a +0 giant club!!
* * * LOW HITPOINT WARNING * * *
The two-headed ogre hits you with a +0 dire flail.
You die...
Your body crumbles into a pile of gold.

.#...##
#.#########.......##
# ##....# ### (#
##.....## # ...#'##
.( ##...## # ####.#
#( ##'## # #.# #~
#######.########
#.#S
#(##...............
#~##≈
#~(##.###..>######.
##~ ##
#O##.############# #
#@.#.##.#........#
+#.#....#........#
#.######..⌠##⌠..#
#~# #..####..' $ #~#
#..####..' ~##
#.[⌠##⌠..# l#
#........# ##
#........#
##########


You could see a two-headed ogre (very poisoned).

Vanquished Creatures
  Sigmund (D:3)
  A water moccasin (D:5)
  An ogre (D:4)
  2 phantoms
  A centaur (D:5)
  A howler monkey (D:5)
  3 hounds
  A gnoll bouda (D:5)
  2 sleepcaps (D:6)
  An orc priest (D:5)
  3 iguanas (D:5)
  5 gnolls
  5 adders
  3 white imps (D:5)
  2 ufetubi
  4 worms
  3 dart slugs
  8 orcs
  8 ball pythons
  7 endoplasms
  2 giant cockroaches (D:3)
  4 goblins
  A hobgoblin (D:3)
  3 jackals (D:3)
  8 kobolds
  3 quokkas
  2 bats
  3 frilled lizards
  6 rats
94 creatures vanquished.

Notes
Turn   | Place    | Note
-------+----------+-------------------------------------------
     0 | D:5      | DeathPants the Vine Stalker Delver began the quest for the
                  | Orb.
     0 | D:5      | Reached XP level 1. HP: 11/11 MP: 2/2
   113 | D:5      | Noticed a water moccasin
   113 | D:5      | Noticed an iguana
   410 | D:3      | Reached XP level 2. HP: 16/16 MP: 3/3
   790 | D:1      | Reached XP level 3. HP: 20/20 MP: 4/4
  1272 | D:2      | Noticed a phantom
  1294 | D:2      | Killed a phantom
  1295 | D:2      | Gained mutation: Your natural rate of healing is unusually
                  | fast. [Vine Stalker growth]
  1295 | D:2      | Reached XP level 4. HP: 10/24 MP: 1/5
  1295 | D:2      | Reached XP level 5. HP: 11/28 MP: 1/6
  1882 | D:2      | Found Bumujic's Assorted Antiques.
  1888 | D:2      | Bought a scroll labelled ISUTACS OCOAM for 22 gold pieces
  1888 | D:2      | Bought a scroll labelled ZOUZIU XEIVEHE for 22 gold pieces
  2440 | D:3      | Found a glowing silver altar of Zin.
  2575 | D:3      | Found an opulent altar of Gozag.
  2581 | D:3      | Became a worshipper of Gozag Ym Sagoz the Greedy
  2726 | D:3      | Noticed Sigmund
  2731 | D:3      | Killed Sigmund
  2732 | D:3      | Reached skill level 7 in Stealth
  2732 | D:3      | Reached XP level 6. HP: 33/33 MP: 7/7
  2832 | D:4      | Found a transporter.
  2832 | D:4      | Noticed a sky beast
  2835 | D:4      | Noticed a hornet
  2835 | D:4      | Noticed a yak
  2849 | D:4      | Found a transporter.
  2855 | D:4      | Found a blossoming altar of Fedhas.
  2890 | D:4      | Reached XP level 7. HP: 36/37 MP: 4/8
  3138 | D:4      | Found a burning altar of Makhleb.
  3594 | D:5      | Reached skill level 8 in Stealth
  3812 | D:4      | Gained mutation: You have razor-sharp teeth. [Vine Stalker
                  | growth]
  3812 | D:4      | Reached XP level 8. HP: 42/42 MP: 9/9
  3879 | D:5      | Found a bloodstained altar of Trog.
  4185 | D:6      | Reached skill level 5 in Fighting
  4446 | D:6      | Found a sacrificial altar of Ru.
  4508 | D:6      | Noticed a two-headed ogre
  4522 | D:6      | HP: 1/43 [two-headed ogre/+0 giant club (20)]
  4522 | D:6      | Slain by a two-headed ogre

Illustrated notes

Levels and vault maps discovered:
D:1:      dpeg_arrival_rooms_c, layout_basic
D:2:      layout_loops_cross, serial_shops, nicolae_shop_trees
D:3:      layout_loops_ring, pdpol_temple_overflow_zin_treasury_gozag_greed,
          uniq_sigmund
D:4:      layout_loops_ring, kennysheep_little_box,
          gammafunk_temple_overflow_arena
D:5:      layout_basic, minmay_ruined_shrine
D:6:      cheibrodos_two_vegetables, layout_loops_corners,
          okawaru_ov_weapons_minmay, lemuel_round_altar,
          kennysheep_generic_room_6
D:7:      layout_rooms, nicolae_hepliaklqana_hazy_memory,
          grunt_dithmenos_shadows, minmay_temple_entry_hall, minmay_the_grid_2x2
          [minmay_the_grid_stretched_grid, minmay_the_grid_expand,
          minmay_the_grid_outer_circle, minmay_the_grid_prize_inner_circle]

Skill      XL: |  1  2  3  4  5  6  7  8 |
---------------+-------------------------+-----
Short Blades   | 2 3 4 |  4.6
Dodging        | 2 3 4 |  4.2
Fighting       | 3 4 5 |  5.1
Stealth        | 7 8 |  8.6

Action                     |  1- 3 |  4- 6 |  7- 9 || total
---------------------------+-------+-------+-------++-------
  Melee: Short sword       |    40 |       |       ||    40
         Bite              |    17 |    10 |    61 ||    88
         Rapier            |    47 |    52 |   160 ||   259
         Punch             |       |       |     2 ||     2
  Throw: Dart              |       |       |     6 ||     6
    Use: Potion            |     1 |       |     3 ||     4
         Scroll            |     4 |     4 |     3 ||    11
   Stab: Sleeping          |     5 |    13 |       ||    18
         Distracted        |       |     1 |       ||     1
 Armour: Leather armour    |    18 |     9 |    23 ||    50
  Dodge: Dodged            |    45 |    20 |   101 ||   166

Table legend: (Time is in decaauts)
 A = Elapsed time spent in this place.
 B = Non-inter-level travel time spent in this place.
 C = Inter-level travel time spent in this place.
 D = Time resting spent in this place.
 E = Time spent auto-exploring this place.
 F = Levels seen in this place.
 G = Mean time per level.
                   A        B        C        D        E       F      G
               +--------+--------+--------+--------+--------+-----+--------+
         Total |   4501 |   4344 |    157 |    290 |   2648 |   7 |  643.0 |
       Dungeon |   4501 |   4344 |    157 |    290 |   2648 |   7 |  643.0 |
               +--------+--------+--------+--------+--------+-----+--------+

Top non-repeatable levels by time:
     D:2: 1077 daAuts
     D:4: 893 daAuts
     D:3: 792 daAuts
     D:5: 637 daAuts
     D:6: 568 daAuts
     D:1: 530 daAuts
     D:7: 1 daAuts
